 Dungeon Crawl Stone Soup version 0.18.1-8-gdd0e5ea (webtiles) character file.

40 jacquesderrida the Poker (level 3, -1/27 HPs)
             Began as a Demonspawn Skald on May 21, 2016.
             Slain by a centaur (4 damage)
             ... on level 3 of the Dungeon.
             The game lasted 00:02:21 (785 turns).

jacquesderrida the Poker (Demonspawn Skald)          Turns: 785, Time: 00:02:22

Health: -1/27      AC:  5    Str: 12    XL:     3   Next: 30%
Magic:  6/6        EV: 11    Int: 14    God:
Gold:   94         SH:  0    Dex: 12    Spells: 1 memorised, 5 levels left

rFire  . . .     SeeInvis .     a - +0 spear
rCold  . . .     Gourm    .     h - +0 troll leather armour
rNeg   . . .     Faith    .     (no shield)
rPois  .         Spirit   .     (no helmet)
rElec  .         Dismiss  .     (no cloak)
rCorr  .         Reflect  .     m - +0 pair of gloves
SustAt .         Harm     .     (no boots)
MR     .....                    (no amulet)
Stlth  +.........               (no ring)
                                (no ring)

@: not resistant to hostile enchantments, very unstealthy
A: claws 1, rot immunity
a: no special abilities


You were on level 3 of the Dungeon.
You were not hungry.

You visited 1 branch of the dungeon, and saw 3 of its levels.

You collected 94 gold pieces.

Inventory:

Hand Weapons
 a - a +0 spear (weapon)
Missiles
 k - a throwing net (quivered)
Armour
 b - a +0 leather armour
 h - a +0 troll leather armour (worn)
 m - a +0 pair of gloves (worn)
Scrolls
 e - 5 scrolls of identify {unknown}
 f - 2 scrolls of remove curse {unknown}
 g - a scroll of enchant weapon {unknown}
 i - a scroll of fog {unknown}
Books
 c - a book of Battle

   Spells                             Type                      Level
   a - Infusion                       Charms                       1
   b - Shroud of Golubria             Charms/Translocation         2
   c - Song of Slaying                Charms                       2
   d - Spectral Weapon                Hexes/Charms                 3
   e - Regeneration                   Charms/Necromancy            3
Comestibles
 d - a bread ration
 j - a meat ration
 l - a beef jerky


   Skills:
 - Level 2.0 Fighting
 + Level 3.4 Polearms
 - Level 0.8 Armour
 - Level 0.8 Dodging
 - Level 2.0 Spellcasting
 - Level 2.6 Charms


You had 5 spell levels left.
You knew the following spells:

 Your Spells              Type           Power        Failure   Level  Hunger
a - Infusion              Chrm           #...         12%         1    ##.....


Dungeon Overview and Level Annotations

Branches:
Dungeon (3/15)

Altars:
Makhleb


Innate Abilities, Weirdness & Mutations

You have sharp fingernails.
You are immune to rotting.


Message History

No target in view!
No target in view!
No target in view!
Found an orange potion.
A centaur comes into view.
The centaur shouts!
The centaur wields a shortbow.
The centaur shoots an arrow.
The arrow hits you.
You see here an arrow.
The centaur shoots an arrow.
The arrow hits you.
You see here an arrow.
The centaur shoots an arrow.
The arrow hits you.
The centaur shoots an arrow.
The arrow barely misses you.
You see here an arrow.
The centaur shoots an arrow.
The arrow hits you!
You see here an arrow.
The centaur unwields an uncursed shortbow.
The centaur hits you.
* * * LOW HITPOINT WARNING * * *
The centaur hits you.
You die...

.......>.....##.#
#...........#..###
#...........)....#
####....>....#.#.##.#
.........((..#.#.# .#
##....(....#.#.##.#
#!........#.#.#.# #
=#####..(...........###.
......c@.......#####.#.#
########.####### ##.#
#.# #.# #.# #.# #.#
#######.## #..
.......... #.#
#######.## .# #.# #.##


You could see a centaur.

Vanquished Creatures
  An adder (D:3)
  A dart slug (D:3)
  2 giant geckos
  An orc (D:3)
  A giant cockroach (D:3)
  3 goblins
  3 hobgoblins
  A bat (D:3)
  9 giant newts (D:2)
  3 kobolds
  5 rats
30 creatures vanquished.

Notes
Turn   | Place    | Note
--------------------------------------------------------------
     0 | D:1      | jacquesderrida the Demonspawn Skald began the quest for the Orb.
     0 | D:1      | Reached XP level 1. HP: 16/16 MP: 3/3
    41 | D:1      | Reached skill level 2 in Polearms
   127 | D:1      | Gained mutation: You have sharp fingernails. [demonic ancestry]
   127 | D:1      | Reached XP level 2. HP: 14/22 MP: 5/5
   581 | D:3      | Reached skill level 3 in Polearms
   581 | D:3      | Gained mutation: You are immune to rotting. [demonic ancestry]
   581 | D:3      | Reached XP level 3. HP: 25/27 MP: 1/6
   655 | D:3      | Found a burning altar of Makhleb.
   780 | D:3      | Noticed a centaur
   785 | D:3      | Slain by a centaur

Skill      XL: |  1  2 |
---------------+-------+-----
Polearms       | 2 3 |  3.4
Fighting       | |  2.0
Armour         | |  0.8
Dodging        | |  0.8
Spellcasting   | |  2.0
Charms         | |  2.6

Action                   || total
-------------------------++-------
Melee: Spear             ||   151
 Cast: Infusion          ||     1
Armor: Leather armour    ||    20
       Troll leather arm ||    15
Dodge: Dodged            ||    93
